Match 46864679
Unlisted

Match 46864679
End
Construct Infanterie Kompanie
Pioneer Squad
MG 42 Machine Gun Team
MG 42 Machine Gun Team
Grenadier Squad
Grenadier Squad
Construct Luftwaffe Kompanie
221 Scout Car
Support Elements
Selects Mechanized Battlegroup
Selects Mobile Repair Stations
Flak 30 Anti-aircraft Gun Team
221 Scout Car
Selects Wespe Self-propelled Artillery
Wespe Self-propelled Artillery
Jäger Squad
Sniper
Wespe Self-propelled Artillery
MG 42 Machine Gun Team
Selects Raid Package
Selects StuG Assault Group
Jäger Squad
Boneless
Arwootarch
BazookaJoe
Kamooos
Chris
Tharrats
0
0

Comments sign in to comment!

No comments posted yet!